 Dungeon Crawl Stone Soup version 0.27.1-1-g398f81649c (webtiles) character file.

Game seed: 644362916674409801

29327 nxtlvl the Severer (level 13, -9/115 HPs)
             Began as a Grey Draconian Berserker on Sept 8, 2021.
             Was a High Priest of Trog.
             Mangled by a cane toad (10 damage)
             ... on level 6 of the Lair of Beasts.
             The game lasted 00:49:56 (4624 turns).

nxtlvl the Severer (Grey Draconian Berserker)       Turns: 4624, Time: 00:49:57

Health: -9/115     AC: 17    Str: 26    XL:     13   Next: 14%
Magic:  13/13      EV: 18    Int:  9    God:    Trog [*****.]
Gold:   670        SH:  0    Dex: 20    Spells: 12/12 levels left

rFire    + . .     SeeInvis .   a - +0 battleaxe
rCold    . . .     Faith    .   (shield currently unavailable)
rNeg     . . .     Spirit   .   (armour unavailable)
rPois    .         Reflect  .   (helmet restricted)
rElec    .         Harm     .   c - +2 cloak {rF+}
rCorr    .         Rampage  .   (no gloves)
Will     ++...                  d - +0 pair of boots
Stlth    ++........             z - amulet of regeneration
HPRegen  2.29/turn              o - +6 ring of dexterity
MPRegen  0.13/turn              O - +6 ring of strength

@: lethally poisoned (-9 -> -9), about to teleport, marked, strong-willed,
regenerating, studying 2 skills
A: AC +13, amphibious, unfitting armour, cold-blooded
a: Renounce Religion, Berserk, Trog's Hand, Brothers in Arms


You were on level 6 of the Lair of Beasts.
You worshipped Trog.
Trog was extremely pleased with you.
You visited 2 branches of the dungeon, and saw 17 of its levels.
You also visited: Volcano.

You collected 670 gold pieces.

Inventory:

Hand Weapons
 a - a +0 battleaxe (weapon)
 b - a +0 arbalest of flaming
 w - a +1 shortbow of flaming
 W - a +5 antimagic executioner's axe
Missiles
 e - 2 curare-tipped darts
 j - 12 poisoned darts (quivered)
 F - 95 bolts
 I - 267 arrows
Armour
 c - a +2 cloak of fire resistance (worn)
 d - a +0 pair of boots (worn)
 f - a +0 buckler
Jewellery
 l - a ring of magical power
 o - a +6 ring of dexterity (left hand)
 p - a ring of poison resistance
 z - an amulet of regeneration (around neck)
 L - a ring of see invisible
 O - a +6 ring of strength (right hand)
 P - a ring of resist corrosion
 Z - an amulet of guardian spirit
Wands
 k - a wand of digging (9)
 u - a wand of mindburst (3)
 A - a wand of iceblast (19)
 D - a wand of flame (34)
Scrolls
 g - 2 scrolls of immolation
 h - 2 scrolls of noise {unknown}
 m - a scroll of silence
 q - a scroll of blinking
 r - 2 scrolls of magic mapping {unknown}
 s - 3 scrolls of torment
 t - 3 scrolls of teleportation
 C - 2 scrolls of vulnerability {unknown}
 H - a scroll of enchant armour {unknown}
Potions
 i - 5 potions of heal wounds
 n - a potion of invisibility {unknown}
 v - 2 potions of attraction
 x - a potion of cancellation {unknown}
 B - 3 potions of flight
 E - a potion of mutation {unknown}
 G - a potion of magic {unknown}
 J - a potion of haste {unknown}


   Skills:
 + Level 10.9 Fighting
 * Level 17.1 Axes
 + Level 9.2 Dodging
 - Level 8.0 Evocations


You had 12 spell levels left.
You didn't know any spells.
Your spell library contained the following spells:

 Spells                   Type           Power      Damage    Failure   Level
 Foxfire                  Conj/Fire      0%         2x1d4     38%         1
 Sandblast                Erth           0%         2d4       38%         1
 Blink                    Tloc           N/A        N/A       52%         2
 Passwall                 Tmut/Erth      0%         N/A       52%         2
 Call Canine Familiar     Summ           0%         N/A       77%         3
 Conjure Flame            Conj/Fire      0%         6-21      77%         3
 Inner Flame              Hex/Fire       0%         N/A       77%         3
 Portal Projectile        Hex/Tloc       0%         N/A       77%         3
 Stone Arrow              Conj/Erth      0%         3d7       77%         3
 Leda's Liquefaction      Hex/Erth       0%         N/A       99%         4
 Alistair's Intoxication  Tmut/Pois      0%         N/A       100%        5
 Borgnjor's Vile Clutch   Necr/Erth      0%         N/A       100%        5
 Fireball                 Conj/Fire      0%         3d3       100%        5
 Iskenderun's Battlesphe  Conj           0%         2d6       100%        5
 Lee's Rapid Deconstruct  Erth           0%         3d5*      100%        5
 Manifold Assault         Tloc           0%         N/A       100%        5
 Conjure Ball Lightning   Conj/Air       0%         3x3d6     100%        6
 Eringya's Noxious Bog    Tmut/Pois      0%         N/A       100%        6
 Orb of Destruction       Conj           0%         N/A       100%        7
 Storm Form               Tmut/Air       0%         N/A       100%        7
 Lehudib's Crystal Spear  Conj/Erth      0%         10d2      100%        8
 Animate Armour           Summ/Erth      Unusable   N/A       N/A         4

Dungeon Overview and Level Annotations

Branches:
Dungeon (11/15)            Temple (0/1) D:4            Lair (6/6) D:8
  Swamp (0/4) Lair:3       Spider (0/4) Lair:2          Orc (0/2) D:9
Volcano (visited)
  Slime: Lair:5-6

Altars:
Ashenzari
Gozag
Hepliaklqana
Okawaru
Ru
Yredelemnul

Annotations:
Lair:1 1 runed translucent door, zdrol's ghost, novice MiFi


Innate Abilities, Weirdness & Mutations

Your dull iron-grey scales are very hard. (AC +13)
You are amphibious.
You cannot fit into any form of body armour.
You are cold-blooded and may be slowed by cold attacks.


Message History

The five-headed hydra convulses!
The cane toad convulses! x4
It was a scroll of torment.
The five-headed hydra barely misses you.
The five-headed hydra bites you!
The five-headed hydra bites you but does no damage. x2
The five-headed hydra bites you. The cane toad stings you!
* * * LOW HITPOINT WARNING * * *
The rime drake bites you.
* * * LOW HITPOINT WARNING * * *
Unknown command.
Okay, then.
Your skin crawls.
You feel strong-willed.
The cane toad stings you but does no damage.
The five-headed hydra bites you!
* * * LOW HITPOINT WARNING * * *
The five-headed hydra bites you but does no damage.
The five-headed hydra completely misses you.
The five-headed hydra bites you but does no damage. x2
The rime drake closely misses you.
As you read the scroll labelled EPPAAM NECKAF, it crumbles to dust.
You feel strangely unstable.
It was a scroll of teleportation.
The cane toad barely misses you.
The cane toad stings you but does no damage.
The rime drake misses you.
A hell rat comes into view.
The five-headed hydra bites you but does no damage. x3
The five-headed hydra bites you!
* * * LOW HITPOINT WARNING * * *
The five-headed hydra bites you but does no damage.
The cane toad barely misses you. The cane toad stings you!
* * * LOW HITPOINT WARNING * * *
You are poisoned.
The cane toad poisons you! The rime drake barely misses you.
The cane toad barely misses you.
* * * LOW HITPOINT WARNING * * *
You feel very sick. The cane toad stings you!
You die...

#<.≈≈≈.....##
##r#≈≈≈#.....#
#..#≈≈≈#.....#
##..≈r≈P.....##
##..≈≈≈≈≈......#
#.F..≈≈≈≈......##
##D.†≈≈≈≈.......#
#FFk≈≈≈........#
#@F≈≈≈≈≈......##
#...≈≈≈P......#
#..≈≈≈≈P......#
##..≈≈≈#......#
#...P≈≈......#
#....###......#
#....#.........#
#................
#...............


You could see a five-headed hydra, 4 cane toads, a rime drake and 2 hell rats.

Vanquished Creatures
  A hydra (Lair:5)
  A dancing weapon (Volcano)
  5 death yaks (Lair:4)
  Sonja (Lair:3)
  A bog body (Lair:3)
  4 wizards (Volcano)
  An orc knight (D:10)
  9 elephants (Lair:5)
  5 toenail golems (Volcano)
  A black mamba (Lair:3)
  A gargoyle (D:11)
  A molten gargoyle (Lair:3)
  4 cane toads
  5 komodo dragons
  4 polar bears (Lair:5)
  A hornet (Lair:4)
  3 jumping spiders (Lair:2)
  15 blink frogs
  A redback (Lair:2)
  2 wyverns
  2 basilisks
  14 yaks
  A steam dragon (D:8)
  4 wargs
  2 hell hounds (Lair:5)
  10 water moccasins
  2 orc warriors
  4 ogres
  An ice beast (D:6)
  2 black bears
  A necrophage (D:5)
  7 centaurs
  2 phantoms
  4 wolves (Lair:2)
  A gnoll sergeant (D:7)
  7 bullfrogs
  2 water moccasin skeletons (D:5)
  A killer bee (D:9)
  2 lava snakes (Lair:3)
  4 centaur zombies
  4 orc priests
  A centaur skeleton (D:7)
  A bullfrog skeleton (D:5)
  A scorpion zombie (D:5)
  An iguana (D:5)
  9 orc wizards
  2 hell rats (Lair:3)
  A howler monkey zombie (D:11)
  9 gnolls
  2 adders (D:3)
  10 river rats (Lair:3)
  A white imp (D:3)
  2 worms
  19 orcs
  A bat (D:2)
  5 endoplasms
  A giant cockroach (D:2)
  5 goblins
  5 hobgoblins
  3 kobolds
  2 quokkas
  2 frilled lizards (D:2)
  A rat (Lair:3)
227 creatures vanquished.

Vanquished Creatures (others)
  A wizard (Volcano)
  An orc (D:8)
  8 fungi
  19 plants
29 creatures vanquished.

Grand Total: 256 creatures vanquished

Notes
Turn   | Place    | Note
-------+----------+-------------------------------------------
     0 | D:1      | nxtlvl the Draconian Berserker began the quest for the Orb.
     0 | D:1      | Reached XP level 1. HP: 19/19 MP: 1/1
   114 | D:2      | Reached XP level 2. HP: 25/26 MP: 2/2
   220 | D:2      | Reached skill level 4 in Axes
   270 | D:3      | Reached XP level 3. HP: 10/31 MP: 3/3
   278 | D:3      | Reached ** piety under Trog
   303 | D:3      | Reached XP level 4. HP: 12/38 MP: 4/4
   341 | D:3      | Reached skill level 5 in Axes
   367 | D:3      | Found a basalt altar of Yredelemnul.
   436 | D:4      | Found a staircase to the Ecumenical Temple.
   577 | D:5      | Entered Level 5 of the Dungeon
   577 | D:5      | Found a broken altar of Ashenzari.
   578 | D:5      | Found an iron altar of Okawaru.
   600 | D:5      | Noticed a black bear
   608 | D:5      | Noticed a phantom
   614 | D:5      | Killed a black bear
   615 | D:5      | Reached skill level 6 in Axes
   615 | D:5      | Reached XP level 5. HP: 34/45 MP: 5/5
   621 | D:5      | Killed a phantom
   622 | D:5      | Reached XP level 6. HP: 31/51 MP: 6/6
   623 | D:5      | Reached skill level 7 in Axes
   745 | D:5      | Reached skill level 8 in Axes
   745 | D:5      | Your scales start taking on a dull iron-grey colour.
   745 | D:5      | Reached XP level 7. HP: 52/57 MP: 7/7
   860 | D:7      | Reached skill level 9 in Axes
   978 | D:7      | Reached *** piety under Trog
   979 | D:7      | Found a sacrificial altar of Ru.
  1008 | D:6      | Reached XP level 8. HP: 63/63 MP: 8/8
  1019 | D:6      | Reached skill level 10 in Axes
  1148 | D:8      | You fall into a shaft and drop 3 floors!
  1197 | D:10     | Entered Level 10 of the Dungeon
  1258 | D:10     | Noticed an orc knight
  1278 | D:10     | Killed an orc knight
  1279 | D:10     | Reached skill level 11 in Axes
  1279 | D:10     | Reached XP level 9. HP: 31/73 MP: 9/9
  1399 | D:11     | Reached skill level 5 in Fighting
  1411 | D:11     | Noticed a gargoyle
  1424 | D:11     | Killed a gargoyle
  1504 | D:11     | Reached skill level 1 in Evocations
  1505 | D:11     | Noticed a purple ugly thing
  1672 | D:11     | Reached skill level 12 in Axes
  1672 | D:11     | Reached skill level 5 in Dodging
  2000 | D:10     | Noticed a komodo dragon
  2013 | D:10     | Killed a komodo dragon
  2014 | D:10     | Reached XP level 10. HP: 81/84 MP: 10/10
  2220 | D:9      | Found a staircase to the Orcish Mines.
  2229 | D:9      | Reached **** piety under Trog
  2437 | D:8      | Found a staircase to the Lair.
  2470 | D:8      | Found an opulent altar of Gozag.
  2480 | D:8      | Found a hazy altar of Hepliaklqana.
  2579 | Lair:1   | Entered Level 1 of the Lair of Beasts
  2658 | Lair:1   | Reached skill level 13 in Axes
  2745 | Lair:1   | Found a runed translucent door.
  2748 | Lair:1   | Identified the +3 trident "Otoesigg" {pain, +Blink rPois
                  | Str-3 Int+6}
  2748 | Lair:1   | Noticed zdrol's ghost (novice MiFi)
  2748 | Lair:1   | Noticed a spriggan rider
  2842 | Lair:2   | Noticed a cane toad
  2846 | Lair:2   | Killed a cane toad
  2847 | Lair:2   | Reached XP level 11. HP: 94/94 MP: 11/11
  2924 | Lair:2   | Reached skill level 5 in Evocations
  2981 | Lair:2   | Found a hole to the Spider Nest.
  2987 | Lair:2   | Reached ***** piety under Trog
  3423 | Lair:3   | Reached skill level 14 in Axes
  3544 | Lair:3   | Noticed Sonja
  3548 | Lair:3   | Killed Sonja
  3601 | Lair:3   | Received a gift from Trog
  3687 | Lair:3   | Found a staircase to the Swamp.
  3687 | Lair:3   | Noticed a bog body
  3697 | Lair:3   | Killed a bog body
  3779 | Lair:3   | Identified a scroll of acquirement
  3780 | Lair:3   | Acquired a manual of Axes
  3843 | Lair:3   | Reached XP level 12. HP: 86/105 MP: 12/12
  3921 | Lair:4   | Noticed a death yak
  3921 | Lair:4   | Noticed a death yak
  3921 | Lair:4   | Noticed a death yak
  3923 | Lair:4   | Noticed a death yak
  3924 | Lair:4   | Noticed a death yak
  3944 | Lair:4   | Killed a death yak
  3945 | Lair:4   | Killed a death yak
  3950 | Lair:4   | Killed a death yak
  3955 | Lair:4   | Killed a death yak
  3956 | Lair:4   | Reached skill level 15 in Axes
  3958 | Lair:4   | Killed a death yak
  4062 | Lair:5   | Reached skill level 10 in Fighting
  4165 | Lair:5   | Found a dark tunnel.
  4180 | Volcano  | Entered a volcano
  4242 | Volcano  | Reached skill level 16 in Axes
  4493 | Lair:5   | Noticed a five-headed hydra
  4507 | Lair:5   | Reached XP level 13. HP: 114/114 MP: 13/13
  4518 | Lair:5   | Reached skill level 17 in Axes
  4579 | Lair:6   | Entered Level 6 of the Lair of Beasts
  4623 | Lair:6   | HP: 3/115 [cane toad (12)]
  4624 | Lair:6   | HP: 1/115 [poisoned by a cane toad]
  4624 | Lair:6   | Mangled by a cane toad

Illustrated notes

Levels and vault maps discovered:
D:1:      minmay_arrival_pointy, layout_basic, minmay_tromino_v4_c
D:2:      layout_basic, dreamdust_ecumenical_altar_grove,
          kennysheep_generic_room_10
D:3:      kb_forest_paths, layout_rooms, yredelemnul_forgotten_temple_becter,
          corexii_leaking_fountain
D:4:      layout_basic, slow_altar_1, temple_pool_b
D:5:      layout_loops_ring, chequers_temple_overflow_statue_of_worship,
          gammafunk_ghost_arena
D:6:      kennysheep_spiral_hall, layout_rooms, kennysheep_little_box,
          minmay_shop_grid_forest, minmay_lizard_king
D:7:      layout_cave_pools, overflow_temple_1_default
D:8:      layout_gridville, mainiacjoe_overflow_large_starburst,
          erik_lair_orcish_takeover
D:9:      layout_irregular_city, erik_orc_4
D:10:     layout_long_grid
D:11:     layout_long_grid
Lair:1:   layout_chaotic_city, ebering_ghost_funeral_grove
Lair:2:   layout_roguey, spider_nest_entry_a, grunt_megastairs_3,
          infiniplex_staircase_pool_2
Lair:3:   cheibrodos_magma_flow, layout_cave_pods, skrybe_swamp_entry_bodies,
          kennysheep_rathole, uniq_sonja
Lair:4:   layout_cave_pods, eino_small_chamber_without_monster, st_stairs_5,
          minmay_lair_oklob_chamber, grunt_megastairs_4, lemuel_fruit_tree
Lair:5:   lemuel_slime, layout_regular_city, slime_altar_1, enter_volcano_3,
          cheibrodos_lair_lostbears, grunt_megastairs_5
Lair:6:   cheibrodos_lair_end_hotspot, layout_gridlike,
          chequers_serial_rivers_room_a

Skill      XL: |  1  2  3  4  5  6  7  8  9 10 11 12 13 |
---------------+----------------------------------------+-----
Axes           | 4 6 8 9 11 12 13 14 16 17 | 17.1
Dodging        | 4 5 6 7 9 |  9.2
Fighting       | 4 6 8 9 10 | 10.9
Evocations     | 2 4 6 8 |  8.0

Action                   |  1- 3 |  4- 6 |  7- 9 | 10-12 | 13-15 || total
-------------------------+-------+-------+-------+-------+-------++-------
Melee: Hand axe          |    50 |    80 |    10 |       |       ||   140
       Tailslap          |     6 |     9 |    27 |   114 |     5 ||   161
       War axe           |       |       |   118 |   299 |       ||   417
       Battleaxe         |       |       |       |   240 |    25 ||   265
 Fire: Hunting sling     |     8 |       |       |       |       ||     8
Throw: Dart              |       |       |    13 |       |       ||    13
Invok: Berserk           |     3 |     6 |    10 |    18 |       ||    37
       Trog's Hand       |       |       |       |       |     1 ||     1
Evoke: Wand              |       |       |       |     9 |     1 ||    10
  Use: Scroll            |       |       |     4 |     6 |     2 ||    12
 Stab: Sleeping          |       |       |     1 |       |       ||     1
Armor: Skin              |    13 |    21 |    80 |   179 |    18 ||   311
Dodge: Dodged            |    35 |    42 |    77 |   359 |    38 ||   551
Block: Buckler           |       |       |    13 |    40 |       ||    53
